 Dungeon Crawl Stone Soup version 0.30-a0-743-gbfdf073431 (webtiles) character file.

Game seed: 6742269489292372010

143 Leeroy the Slasher (level 5, -11/26 HPs)
             Began as a Vine Stalker Warper on Feb 5, 2023.
             Killed by divine providence
             ... invoked by an orc priest
              (15 damage)
             ... on level 3 of the Dungeon.
             The game lasted 00:04:16 (1930 turns).

Leeroy the Slasher (Vine Stalker Warper)            Turns: 1930, Time: 00:04:17

Health: -11/26     AC:  3    Str: 14    XL:     5   Next: 25%
Magic:  0/9        EV: 16    Int: 13    God:
Gold:   159        SH:  0    Dex: 15    Spells: 8/8 levels left

rFire   + . .      SeeInvis .    a - +0 falchion
rCold   . . .      Faith    .    (no shield)
rNeg    . . .      Spirit   +    b - +0 leather armour
rPois   .          Reflect  .    (no helmet)
rElec   .          Harm     .    (no cloak)
rCorr   .          Rampage  .    (no gloves)
Will    .....                    (no boots)
Stlth   +                        (no amulet)
HPRegen 1.04/turn                e - ring of protection from fire
MPRegen 0.11/turn                o - +5 ring of evasion

@: no status effects
A: fangs 2, regeneration 1, magic shield, antimagic bite, no potion heal 2
a: no special abilities


You were on level 3 of the Dungeon.
You visited 1 branch of the dungeon, and saw 3 of its levels.

You collected 159 gold pieces.

Inventory:

Hand Weapons
 a - a +0 falchion (weapon)
Missiles
 d - 7 boomerangs of dispersal (quivered)
Armour
 b - a +0 leather armour (worn)
Jewellery
 e - a ring of protection from fire (left hand)
 g - a ring of positive energy
 o - a +5 ring of evasion (right hand)
 s - a ring of see invisible
Wands
 i - a wand of flame (13)
Scrolls
 c - a scroll of blinking
 f - 3 scrolls of identify {unknown}
 h - a scroll of fear {unknown}
 k - a scroll of teleportation {unknown}
 n - a scroll of immolation {unknown}
 q - a scroll of fog {unknown}
Potions
 j - 2 potions of attraction {unknown}
 l - 2 potions of heal wounds {unknown}
 m - 3 potions of mutation {unknown}
 p - a potion of resistance {unknown}
 r - a potion of brilliance {unknown}
 t - a potion of degeneration {unknown}


   Skills:
 - Level 1.7 Fighting
 + Level 4.8 Long Blades
 - Level 0.8 Throwing
 - Level 0.7 Armour
 - Level 1.5 Dodging
 - Level 2.1 Spellcasting
 - Level 3.0 Translocations


You had 8 spell levels left.
You didn't know any spells.
Your spell library contained the following spells:

 Spells                   Type           Power      Damage    Failure   Level
 Blink                    Tloc           18%        N/A       14%         2
 Lesser Beckoning         Tloc           18%        N/A       14%         2
 Teleport Other           Tloc           9%         N/A       28%         3
 Cigotuvi's Dreadful Rot  Necr/Pois/Air  2%         N/A       43%         2
 Vhi's Electric Charge    Tloc/Air       10%        N/A       45%         3
 Mephitic Cloud           Conj/Pois/Air  1%         N/A       67%         3
 Manifold Assault         Tloc           9%         N/A       67%         4
 Spellforged Servitor     Conj/Summ      0%         N/A       100%        7


Dungeon Overview and Level Annotations

Branches:
Dungeon (3/15)

Altars:
Fedhas

Shops:
D:1 [?(!


Innate Abilities, Weirdness & Mutations

You have extremely sharp teeth.
Your natural rate of healing is unusually fast.
When hurt, damage is shared between your health and your magic reserves.
Your bite disrupts and absorbs the magic of your enemies.
Potions cannot restore your health.


Message History

The ball python barely misses you.
You closely miss the ball python. The ball python misses you.
The ball python grabs you. The ball python constricts you.
You slash the ball python!
You kill the ball python!
No target in view!
No target in view!
No target in view!
No target in view!
You see here a ball python corpse.
You see here a +0 ring mail. 2 orcs come into view.
There are monsters nearby!
An orc comes into view. It is wielding a +0 war axe.
The orc shouts!
An orc priest comes into view. It is wielding a +0 whip.
The orc shouts! x2; The orc priest shouts!
A worm comes into view.
You hit the orc. You bite the orc. You drain its power.
The orc is heavily wounded.
The orc completely misses you. The orc misses you.
The orc priest calls down the wrath of Beogh upon you.
Beogh smites you!
You slash the orc!
You kill the orc!
The orc closely misses you.
You closely miss the orc. Your bite misses the orc. The orc closely misses you.
You slash the orc priest!
The orc priest is heavily wounded.
The orc closely misses you. The orc priest hits you with a +0 whip.
The orc hits you with a +0 war axe!
You hit the orc priest.
The orc priest is heavily wounded.
The orc priest closely misses you. The orc hits you with a +0 war axe.
The orc hits you with a +0 mace.
* * * LOW HITPOINT WARNING * * *
The orc priest mumbles some strange prayers to Beogh against you.
Beogh smites you!
Ouch! That really hurt!
You die...

#..###.#.#
#..#
.#######..#
..........#
###
.#######.##
... ..# #[#
#.. #.# #.#
#.#...#.####.#
#....wo@.....#
#.....oo######
#.......#
#.......#
......###
#..... ..###.
## #.


You could see a worm, an orc priest and 2 orcs.

Vanquished Creatures
  Natasha (thrice) (D:2)
  An adder (D:2)
  A worm (D:3)
  2 orcs (D:3)
  3 endoplasms
  A giant cockroach (D:2)
  8 goblins
  3 hobgoblins
  6 jackals
  4 quokkas
  6 ball pythons
  6 bats
  2 frilled lizards (D:2)
  3 kobolds
  3 rats
52 creatures vanquished.

Notes
Turn   | Place    | Note
-------+----------+-------------------------------------------
     0 | D:1      | Leeroy the Vine Stalker Warper began the quest for the Orb.
     0 | D:1      | Reached XP level 1. HP: 11/11 MP: 4/4
   108 | D:1      | Found Egyteug's General Store.
   158 | D:1      | Reached skill level 2 in Long Blades
   213 | D:1      | Reached XP level 2. HP: 15/15 MP: 1/6
   261 | D:1      | Found Biyfaj's Distillery.
   312 | D:1      | Found Yvvey's Weapon Shop.
   410 | D:1      | Found Uvaqupauti's Armour Boutique.
   441 | D:1      | Found Oluhitt's Magic Scroll Shoppe.
   526 | D:1      | Found a faded altar of an unknown god.
   835 | D:1      | Reached skill level 3 in Long Blades
  1063 | D:2      | Reached XP level 3. HP: 17/18 MP: 3/7
  1131 | D:2      | Noticed Natasha
  1142 | D:2      | Killed Natasha
  1179 | D:2      | Noticed Natasha
  1191 | D:2      | Killed Natasha
  1192 | D:2      | Reached skill level 4 in Long Blades
  1192 | D:2      | Gained mutation: Your natural rate of healing is unusually
                  | fast. [Vine Stalker growth]
  1192 | D:2      | Reached XP level 4. HP: 8/23 MP: 1/8
  1259 | D:2      | Noticed Natasha
  1273 | D:2      | Killed Natasha
  1424 | D:2      | Reached XP level 5. HP: 17/26 MP: 9/9
  1525 | D:2      | Got the Volume of the Trees
  1662 | D:3      | Found a blossoming altar of Fedhas.
  1930 | D:3      | Killed from afar by an orc priest

Illustrated notes

Levels and vault maps discovered:
D:1:      psy_arrival_conway, layout_basic, chequers_ecumenical_altar_simple,
          serial_rivers, chequers_serial_rivers_small_a,
          chequers_serial_rivers_micro_c, chequers_serial_rivers_small_3,
          chequers_serial_rivers_micro_c, chequers_serial_rivers_marsh,
          serial_shops, shop, shop_statue, nicolae_lakefront_shop,
          nicolae_shop_trees, shop_fountains, corexii_item_surrounded_by_moat
D:2:      layout_rooms, minmay_misc_feat_cross, uniq_natasha
D:3:      layout_loops_ring, mainiacjoe_overflow_paths

Skill      XL: |  1  2  3 |
---------------+----------+-----
Long Blades    | 2 3 4 |  4.8
Fighting       | |  1.7
Throwing       | |  0.8
Armour         | |  0.7
Dodging        | |  1.5
Spellcasting   | |  2.1
Translocations | |  3.0

Action                     |  1- 3 |  4- 6 || total
---------------------------+-------+-------++-------
  Melee: Falchion          |   100 |    66 ||   166
         Bite              |    21 |    14 ||    35
         Punch             |     2 |       ||     2
 Armour: Leather armour    |    33 |    14 ||    47
  Dodge: Dodged            |    88 |    40 ||   128

Table legend: (Time is in decaauts)
 A = Elapsed time spent in this place.
 B = Non-inter-level travel time spent in this place.
 C = Inter-level travel time spent in this place.
 D = Time resting spent in this place.
 E = Time spent auto-exploring this place.
 F = Levels seen in this place.
 G = Mean time per level.
                   A        B        C        D        E       F      G
               +--------+--------+--------+--------+--------+-----+--------+
         Total |   1974 |   1848 |    126 |      0 |   1460 |   3 |  658.0 |
       Dungeon |   1974 |   1848 |    126 |      0 |   1460 |   3 |  658.0 |
               +--------+--------+--------+--------+--------+-----+--------+

Top non-repeatable levels by time:
     D:1: 1100 daAuts
     D:2: 570 daAuts
     D:3: 303 daAuts
